Get step-by-step instructions on how to execute this build order below. Start the game timer, and the build order will tick by so you can play in parallel with StarCraft on a second screen or mobile device.

Game Time

  0:00

Last Step

  N/A

Next Step

  12  0:01  Drone  

Upcoming Step

  13  0:14  Overlord  

Don't want to look back and forth between 2 screens? Try out our Overwolf App, the Spawning Tool Build Advisor to get an in-game overlay with this build!

Complete Build Order

  12  0:01  Drone  
  13  0:14  Overlord  
  13  0:17  Drone  
  14  0:32  Drone x2  
  16  0:36  Drone  
  17  0:57  Hatchery  
  16  0:59  Drone x2  
  18  1:14  Extractor  
  18  1:16  Spawning Pool  
  16  1:21  Drone  
  16  1:22  Drone  
  18  1:30  Drone  
  19  1:40  Overlord  
  19  2:05  Queen  
  19  2:06  Zergling x2  
  19  2:07  Zergling x2  
  23  2:09  Drone, Queen  
  23  2:13  Metabolic Boost  
  26  2:16  Drone  
  26  2:19  Drone  
  28  2:23  Drone  
  29  2:30  Drone  
  29  2:36  Overlord  
  30  2:42  Drone  
  31  2:55  Drone  
  31  2:57  Hatchery  
  31  3:00  Pneumatized Carapace  
  31  3:05  Drone x2  
  32  3:08  Drone  
  32  3:10  Drone  
  35  3:17  Drone  
  35  3:18  Drone x2  
  38  3:23  Overlord  
  38  3:26  Drone  
  39  3:31  Queen  
  41  3:39  Drone x3  
  44  3:47  Drone x2  
  46  3:49  Overlord  
  46  3:56  Extractor  
  46  4:00  Evolution Chamber  
  46  4:01  Evolution Chamber  
  46  4:02  Drone x6  
  49  4:18  Extractor  
  49  4:22  Queen  
  50  4:24  Drone x6, Roach Warren  
  55  4:47  Queen  
  55  4:48  Overlord x2  
  55  4:51  Zerg Missile Weapons Level 1  
  55  4:52  Zerg Ground Armor Level 1  
  56  5:07  Roach x8  
  57  5:08  Spine Crawler  
  72  5:14  Roach x3  
  72  5:18  Drone x3  
  79  5:27  Spore Crawler  
  78  5:29  Overlord x2  
  78  5:34  Drone x4  
  82  5:39  Overlord x2  
  82  5:47  Lair  
  82  5:57  Roach  
  82  5:58  Roach x5  
  94  6:07  Drone x8  
  102  6:19  Drone x7  
  102  6:22  Overlord  
  102  6:23  Overlord, Extractor  
  108  6:29  Extractor  
  108  6:30  Extractor  
  106  6:49  Drone  
  106  6:50  Drone x12  
  106  6:51  Hatchery  
  112  6:59  Overlord x2  
  86  7:17  Roach  
  86  7:18  Roach x7  
  86  7:19  Hydralisk Den  
  86  7:20  Zerg Missile Weapons Level 2  
  99  7:39  Roach  
  99  7:40  Roach x3  
  107  7:47  Roach  
  107  7:48  Roach x2  
  107  7:50  Muscular Augments  
  113  7:51  Zerg Ground Armor Level 2  
  113  7:52  Extractor  
  113  7:55  Extractor  
  111  8:00  Hydralisk  
  111  8:01  Hydralisk x9  
  131  8:18  Glial Reconstitution  
  131  8:19  Hydralisk  
  131  8:20  Hydralisk x2  
  137  8:34  Overseer  
  137  8:36  Overseer  
  137  8:38  Overlord x2  
  137  8:39  Overlord  
  137  8:40  Hydralisk  
  137  8:41  Hydralisk x6  
  151  8:50  Overlord x3  
  151  8:51  Overlord x3  
  151  8:56  Hydralisk  
  151  8:57  Hydralisk x6  
  165  9:08  Hydralisk  
  165  9:09  Hydralisk x4  
  173  9:21  Hydralisk  
  173  9:22  Hydralisk x5  
  155  9:31  Hydralisk x4  
  127  9:37  Roach x3  
  139  9:48  Roach x4  
  139  9:49  Roach x2  
  151  9:53  Hydralisk  
  151  9:54  Hydralisk x2  
  151  9:57  Grooved Spines  
  157  10:01  Infestation Pit  
  116  10:16  Hydralisk  
  116  10:17  Hydralisk x7  
  118  10:23  Hydralisk  
  118  10:24  Hydralisk x2  
  110  10:28  Hydralisk  
  110  10:29  Hydralisk  
  106  10:41  Roach x3  
  106  10:42  Roach x4  
  119  10:54  Roach x2  
  119  10:55  Roach x6  
  135  11:00  Hive  
  135  11:07  Spire  
  108  11:25  Hydralisk  
  108  11:26  Hydralisk x7  
  120  11:37  Roach  
  120  11:38  Roach x8  
  128  11:44  Extractor  
  127  11:54  Queen  
  127  11:57  Roach  
  127  11:58  Roach x4  
  127  12:01  Hatchery  
  138  12:11  Roach  
  138  12:12  Roach x6  
  152  12:23  Greater Spire  
  152  12:25  Hydralisk  
  152  12:26  Hydralisk x3  
  152  12:29  Viper  
  163  12:30  Viper  
  166  12:46  Hydralisk  
  166  12:47  Hydralisk x6  
  180  13:17  Hydralisk  
  180  13:18  Extractor, Hydralisk x3  
  187  13:22  Corruptor, Extractor